 Dungeon Crawl Stone Soup version 0.18.1-6-gd335043 (webtiles) character file.

359 mistymad the Chopper (level 6, -21/84 HPs)
             Began as a Minotaur Berserker on May 18, 2016.
             Was a Priest of Trog.
             Demolished by an ogre
             ... wielding a +0 giant club
              (30 damage)
             ... on level 4 of the Dungeon.
             The game lasted 00:06:43 (2169 turns).

mistymad the Chopper (Minotaur Berserker)           Turns: 2169, Time: 00:06:44

Health: -21/84     AC:  5    Str: 26    XL:     6   Next: 37%
Magic:  5/5        EV: 12    Int:  4    God:    Trog [***...]
Gold:   103        SH:  0    Dex: 12    Spells: 0 memorised, 5 levels left

rFire  . . .     SeeInvis .     a - +0 hand axe
rCold  . . .     Gourm    .     j - +0 ring mail
rNeg   . . .     Faith    .     (no shield)
rPois  .         Spirit   .     (helmet restricted)
rElec  .         Dismiss  .     (no cloak)
rCorr  .         Reflect  .     (no gloves)
SustAt .         Harm     .     (no boots)
MR     .....                    (no amulet)
Stlth  ..........               (no ring)
                                (no ring)

@: berserking, very quick, not resistant to hostile enchantments, extremely
unstealthy
A: retaliatory headbutt, horns 2
a: Berserk, Trog's Hand, Burn Spellbooks, Renounce Religion


You were on level 4 of the Dungeon.
You worshipped Trog.
Trog was most pleased with you.
You were not hungry.

You visited 1 branch of the dungeon, and saw 4 of its levels.

You collected 103 gold pieces.

Inventory:

Hand Weapons
 a - a +0 hand axe (weapon)
Armour
 j - a +0 ring mail (worn)
Scrolls
 b - a scroll of enchant weapon {unknown}
 f - 2 scrolls of teleportation {unknown}
 g - a scroll of immolation {unknown}
 i - a scroll of recharging {unknown}
 k - a scroll of blinking {unknown}
 m - 3 scrolls of identify {unknown}
 p - a scroll of random uselessness {unknown}
Potions
 d - a potion of degeneration {unknown}
 e - a potion of mutation {unknown}
 h - 2 potions of heal wounds {unknown}
 l - 2 potions of curing {unknown}
Comestibles
 c - 3 bread rations
 n - a royal jelly
 o - 4 meat rations
 q - 3 fruits


   Skills:
 + Level 5.1 Fighting
 * Level 6.0 Axes
 + Level 4.1 Armour
 + Level 3.9 Dodging


You had 5 spell levels left.
You didn't know any spells.

Dungeon Overview and Level Annotations

Branches:
Dungeon (4/15)
 Temple: D:4-7

Altars:
Cheibriados
Dithmenos


Innate Abilities, Weirdness & Mutations

You reflexively headbutt those who attack you in melee.
You have a pair of horns on your head.


Message History

The adder closely misses you.
You hit the ogre but do no damage.
The ogre is heavily wounded.
You closely miss the scorpion. You hit the adder.
The adder is heavily wounded.
The scorpion stings you but does no damage.
The adder closely misses you. The ogre hits you with a giant club!
* * * LOW HITPOINT WARNING * * *
You are too injured to fight recklessly!
You are too injured to fight recklessly!
Unknown command.
A red film seems to cover your vision as you go berserk!
You feel yourself moving faster!
You feel mighty!
You feel somewhat more hungry.
The jackal bites you but does no damage.
The scorpion stings you.
* * * LOW HITPOINT WARNING * * *
The adder barely misses you. You furiously retaliate!
You headbutt the adder. The ogre hits you with a giant club!!
You die...

#####. # #.....
.##. #####....
#....
........#.....<
####.....#......
.......†h)....#
#....@s....#
###.aSO....#
...#####...?.#.#..
.......<.........
...####....$......
..###....... .###
....... ## .......
......


You could see an ogre, a scorpion, a worker ant, an adder and a jackal.

Vanquished Creatures
  A hound (D:4)
  An orc priest (D:3)
  2 orc wizards
  A worker ant (D:4)
  Natasha (thrice) (D:2)
  4 gnolls (D:3)
  3 adders
  A worm (D:3)
  5 dart slugs
  A giant gecko (D:4)
  6 orcs
  2 ball pythons (D:1)
  3 giant cockroaches
  9 goblins
  6 hobgoblins
  3 jackals (D:1)
  5 kobolds
  4 bats
  5 giant newts
  10 rats
75 creatures vanquished.

Vanquished Creatures (others)
  A jackal (D:4)
1 creature vanquished.

Grand Total: 76 creatures vanquished

Notes
Turn   | Place    | Note
--------------------------------------------------------------
     0 | D:1      | mistymad the Minotaur Berserker began the quest for the Orb.
     0 | D:1      | Reached XP level 1. HP: 19/19 MP: 0/0
   219 | D:1      | Reached XP level 2. HP: 27/27 MP: 1/1
   329 | D:1      | Reached skill level 4 in Axes
   384 | D:1      | Reached ** piety under Trog
   682 | D:1      | Reached XP level 3. HP: 33/33 MP: 2/2
   839 | D:2      | Noticed Natasha
   848 | D:2      | Killed Natasha
   983 | D:2      | Reached XP level 4. HP: 40/40 MP: 3/3
   992 | D:2      | Noticed Natasha
   996 | D:2      | Killed Natasha
  1013 | D:2      | Found a shadowy altar of Dithmenos.
  1053 | D:2      | Noticed Natasha
  1061 | D:2      | Killed Natasha
  1061 | D:2      | Reached skill level 5 in Axes
  1257 | D:2      | Reached XP level 5. HP: 47/47 MP: 4/4
  1537 | D:3      | Found a snail-covered altar of Cheibriados.
  1634 | D:3      | Reached *** piety under Trog
  1880 | D:3      | Reached skill level 5 in Fighting
  2110 | D:3      | Reached XP level 6. HP: 56/56 MP: 5/5
  2165 | D:4      | Reached skill level 6 in Axes
  2169 | D:4      | Demolished by an ogre

Skill      XL: |  1  2  3  4  5  6 |
---------------+-------------------+-----
Axes           | 4 5 6 |  6.0
Fighting       | 4 5 |  5.1
Armour         | 3 4 |  4.1
Dodging        | 3 |  3.9

Action                   |  1- 3 |  4- 6 || total
-------------------------+-------+-------++-------
Melee: Hand axe          |    57 |    91 ||   148
       Headbutt          |     8 |    12 ||    20
Invok: Berserk           |       |     1 ||     1
  Eat: Chunk             |       |     4 ||     4
Armor: Animal skin       |     3 |       ||     3
       Ring mail         |    16 |    34 ||    50
Dodge: Dodged            |    42 |    83 ||   125
